 Dungeon Crawl Stone Soup version 0.31-a0-187-gba352fbbf7 (webtiles) character file.

Game seed: 539398647242635394

450 qw the Skirmisher (level 6, -1/35 HPs)
             Began as a Deep Elf Hunter on June 22, 2023.
             Slain by a scorpion (5 damage)
             ... on level 4 of the Dungeon.
             The game lasted 00:00:56 (2561 turns).

qw the Skirmisher (Deep Elf Hunter)                 Turns: 2561, Time: 00:00:57

Health: -1/35      AC:  8    Str:  8 (10) XL:     6   Next: 74%
Magic:  8/8        EV: 10    Int: 12 (14) God:
Gold:   190        SH:  5    Dex: 16 (18) Spells: 5/5 levels left

rFire   . . .        Y - +2 shortbow
rCold   . . .        (shield currently unavailable)
rNeg    . . .        a - +0 ring mail
rPois   .            k - +2 helmet
rElec   .            (no cloak)
rCorr   .            (no gloves)
SInv    .            (no boots)
Will    .....        b - amulet of reflection
Stlth   +            (no ring)
HPRegen 0.25/turn    (no ring)
MPRegen 0.11/turn

%: reflection
@: lethally poisoned (-1 -> -14)
A: no striking features
a: no special abilities


You were on level 4 of the Dungeon.
You visited 1 branch of the dungeon, and saw 5 of its levels.

You collected 190 gold pieces.


   Skills:
 - Level 2.1 Fighting
 + Level 10.0 Ranged Weapons
 - Level 1.0 Armour
 - Level 2.9 Dodging
 - Level 1.2 Stealth


You had 5 spell levels left.
You didn't know any spells.
Your spell library was empty.

Inventory:

Hand Weapons
 Y - a +2 shortbow (weapon)
Armour
 a - a +0 ring mail (worn)
 k - a +2 helmet (worn)
Jewellery
 b - an amulet of reflection (around neck)
Scrolls
 h - a scroll of identify
Potions
 d - a potion of enlightenment
 e - a potion of attraction {unknown}
 f - a potion of haste

Dungeon Overview and Level Annotations

Branches:
Dungeon (5/15)
 Temple: D:4-7

Altars:
Dithmenos
Fedhas
Kikubaaqudgha


Message History

The scorpion stings you but does no damage.
You feel your strength returning.
Your Ranged Weapons skill increases to level 10!
You shoot an arrow. The arrow hits the scorpion.
The scorpion is lightly wounded.
The scorpion completely misses you.
You shoot an arrow.
The arrow hits the scorpion but does no damage.
The scorpion is lightly wounded.
The scorpion barely misses you.
You shoot an arrow. The arrow barely misses the scorpion.
The scorpion stings you but does no damage. x2
You shoot an arrow. The arrow hits the scorpion.
The scorpion is moderately wounded.
The scorpion stings you.
You are poisoned.
The scorpion poisons you!
You shoot an arrow.
The arrow hits the scorpion but does no damage.
The scorpion is moderately wounded.
You feel very sick.
The scorpion stings you but does no damage.
You shoot an arrow. The arrow hits the scorpion.
The scorpion is heavily wounded.
You feel sick. The scorpion misses you.
The scorpion stings you but does no damage.
You shoot an arrow. The arrow barely misses the scorpion.
You feel sick.
The scorpion stings you but does no damage.
You shoot an arrow.
The arrow hits the scorpion but does no damage.
The scorpion is heavily wounded.
You feel sick. The scorpion stings you.
You are lethally poisoned!
The scorpion poisons you!
You shoot an arrow. The arrow hits the scorpion.
The scorpion is severely wounded.
You feel very sick. You block the scorpion's attack. The scorpion stings you.
You die...

#.##.##.#####.###...
#.##.##.##..........
#.##.......##.###.##
####.#####.#####.# #.##
#.......##)......###...
#.##.##.##########.....
#........##.....##.....
#..#.....##.....##.##.#
#..##.@..##.........)..
#..##%#s.##.....##.##.#
#........##.>...##.##..
##....[..#########.....
####.#### ###### #.#
######## #
##.########......# #
##...##...##.####.# #
##.....#.#.##.####.###


You could see a scorpion.

Vanquished Creatures
  Sigmund (D:3)
  A black bear (D:4)
  2 iguanas
  Terence (D:3)
  Natasha (twice) (D:3)
  An adder (D:4)
  3 gnolls (D:4)
  A worm (D:2)
  An orc (D:4)
  4 endoplasms
  4 giant cockroaches
  2 goblins (D:2)
  4 hobgoblins
  5 kobolds
  2 quokkas
  6 ball pythons
  4 bats
  2 frilled lizards
  4 rats
50 creatures vanquished.

Notes
Turn   | Place    | Note
-------+----------+-------------------------------------------
     0 | D:1      | qw the Deep Elf Hunter began the quest for the Orb.
     0 | D:1      | Reached XP level 1. HP: 12/12 MP: 3/3
     0 | D:1      | 0 ||| qw: Version: 0.3-a-9-g12657ce
     0 | D:1      | 0 ||| qw: Game counter: 2298
     0 | D:1      | 0 ||| qw: Always use a shield: true
     0 | D:1      | 0 ||| qw: God list: Okawaru
     0 | D:1      | 0 ||| qw: Allow faded altars: false
     0 | D:1      | 0 ||| qw: Do Orc after D:15 true
     0 | D:1      | 0 ||| qw: Do second Lair branch before Depths: true
     0 | D:1      | 0 ||| qw: Lair rune preference: random
     0 | D:1      | 0 ||| qw: Plans: Normal
     0 | D:1      | 0 ||| PLANNING D:1-11
   143 | D:1      | 143 ||| FLEEEEING.
   144 | D:1      | 144 ||| FLEEEEING.
   196 | D:1      | Reached XP level 2. HP: 16/16 MP: 4/4
   421 | D:1      | Reached skill level 6 in Ranged Weapons
   609 | D:1      | 609 ||| READING scroll labelled ACWOFF ENUENEG.
   610 | D:1      | 610 ||| READING 3 scrolls labelled FEUM UROOSURCH.
   611 | D:1      | 611 ||| DRINKING 2 fuming red potions.
   612 | D:1      | 612 ||| DROPPING scroll of butterflies.
   613 | D:1      | 613 ||| DROPPING 2 scrolls of fear.
   633 | D:2      | 633 ||| STAIRDANCE
   636 | D:2      | 636 ||| STAIRDANCE
   714 | D:2      | Identified the +5 whip "Atino" {venom, Str+4}
   845 | D:2      | 845 ||| READING scroll of enchant weapon.
   845 | D:2      | 845 ||| ENCHANTING +1 shortbow.
   974 | D:2      | Reached XP level 3. HP: 20/20 MP: 5/5
  1156 | D:2      | 1156 ||| UPGRADING to amulet of reflection.
  1161 | D:2      | 1161 ||| READING 2 scrolls labelled VAPEIV DOUHI.
  1162 | D:2      | 1162 ||| READING 2 scrolls labelled IRHOHE QOOPT.
  1163 | D:2      | 1163 ||| DROPPING scroll of noise.
  1164 | D:2      | 1164 ||| DROPPING scroll of vulnerability.
  1204 | D:3      | Noticed Terence
  1211 | D:3      | Killed Terence
  1212 | D:3      | Reached skill level 7 in Ranged Weapons
  1393 | D:3      | Noticed Natasha
  1399 | D:3      | Killed Natasha
  1400 | D:3      | Reached XP level 4. HP: 25/25 MP: 6/6
  1423 | D:3      | Noticed Sigmund
  1432 | D:3      | Killed Sigmund
  1433 | D:3      | Reached skill level 9 in Ranged Weapons
  1433 | D:3      | Reached XP level 5. HP: 29/29 MP: 7/7
  1534 | D:3      | Noticed Natasha
  1536 | D:3      | Killed Natasha
  1555 | D:3      | Found an ancient bone altar of Kikubaaqudgha.
  1628 | D:3      | 1628 ||| UPGRADING to +0 scale mail.
  1638 | D:3      | 1638 ||| DROPPING +0 leather armour.
  1639 | D:3      | 1639 ||| UPGRADING to +0 helmet.
  1644 | D:3      | 1644 ||| READING scroll labelled YTO YBRALUKHOIT.
  1645 | D:3      | 1645 ||| READING 4 scrolls labelled IZIYSAO ZAMOLI.
  1646 | D:3      | 1646 ||| READING scroll labelled GOOFES ACHAF.
  1647 | D:3      | 1647 ||| READING 3 scrolls of identify.
  1647 | D:3      | 1647 ||| IDENTIFYING cyan potion
  1648 | D:3      | 1648 ||| READING 2 scrolls of identify.
  1648 | D:3      | 1648 ||| IDENTIFYING viscous blue potion
  1649 | D:3      | 1649 ||| DROPPING potion of ambrosia.
  1679 | D:4      | 1679 ||| STAIRDANCE
  1686 | D:3      | Reached XP level 6. HP: 27/34 MP: 8/8
  1726 | D:4      | Reached skill level 1 in Armour
  1743 | D:4      | 1743 ||| FLEEEEING.
  1750 | D:4      | 1750 ||| STAIRDANCE
  1966 | D:4      | Found a shadowy altar of Dithmenos.
  1999 | D:4      | Found a blossoming altar of Fedhas.
  2503 | D:4      | 2503 ||| UPGRADING to +0 ring mail.
  2513 | D:4      | 2513 ||| DROPPING +0 scale mail.
  2514 | D:4      | 2514 ||| UPGRADING to +2 helmet.
  2524 | D:4      | 2524 ||| DROPPING +0 helmet.
  2525 | D:4      | 2525 ||| READING scroll labelled OHAM YKHLUJEH.
  2526 | D:4      | 2526 ||| DRINKING 2 sapphire potions.
  2527 | D:4      | 2527 ||| DROPPING potion of degeneration.
  2544 | D:5      | Entered Level 5 of the Dungeon
  2548 | D:5      | 2548 ||| STAIRDANCE
  2553 | D:4      | Reached skill level 10 in Ranged Weapons
  2560 | D:4      | HP: 7/35 [scorpion (2)]
  2561 | D:4      | Slain by a scorpion

Levels and vault maps discovered:
D:1:      scummos_arrival_hexagon, layout_basic, nicolae_figureground_sparkle
D:2:      layout_rooms, roderic_roman_lattice, minmay_indecisive_spiral
D:3:      layout_basic, nicolae_kikubaaqudgha_miasma_corner, uniq_terence,
          uniq_sigmund, uniq_natasha
D:4:      layout_loops_cross, mainiacjoe_overflow_catch_the_wave
D:5:      layout_rooms, nicolae_sif_muna_little_library, lemuel_round_altar,
          ebering_ghost_rock_garden, hangedman_decor_push, uniq_ijyb

Skill      XL: |  1  2  3  4  5  6 |
---------------+-------------------+-----
Ranged Weapons | 6 7 9 10 | 10.0
Armour         | 1 |  1.0
Fighting       | 2 |  2.1
Dodging        | |  2.9
Stealth        | |  1.2

Action                     |  1- 3 |  4- 6 || total
---------------------------+-------+-------++-------
   Fire: Shortbow          |    94 |    66 ||   160
    Use: Scroll            |     5 |     6 ||    11
         Potion            |     1 |     1 ||     2
 Armour: Leather armour    |    13 |       ||    13
         Scale mail        |       |     5 ||     5
         Ring mail         |       |    11 ||    11
  Dodge: Dodged            |    15 |    21 ||    36
  Block: Other             |       |    12 ||    12

Table legend:
 A = Non-vault XP
 B = Vault XP
 C = Vault XP percentage of total XP
 D = Non-vault monster count
 E = Vault monster count
 F = Vault count percentage of total count
                 A         B        C        D         E       F
            +---------+---------+-------+---------+---------+-------
      Total |     351 |     292 |  45.4 |      43 |       7 |  14.0
            +---------+---------+-------+---------+---------+-------
        D:1 |      15 |       0 |   0.0 |      10 |       0 |   0.0
        D:2 |      25 |       7 |  21.9 |      12 |       4 |  25.0
        D:3 |      82 |     285 |  77.7 |       9 |       3 |  25.0
        D:4 |     229 |       0 |   0.0 |      12 |       0 |   0.0
            +---------+---------+-------+---------+---------+-------
